 Dungeon Crawl Stone Soup version 0.26.0-10-g1f06aea511 (webtiles) character file.

Game seed: 16618796155077157614

2155 Frank the Cudgeller (level 9, -2/64 HPs)
             Began as an Octopode Fighter on Jan 21, 2021.
             Was an Initiate of Gozag.
             Killed from afar by an orc wizard (13 damage)
             ... with a puff of flame
             ... on level 7 of the Dungeon.
             The game lasted 00:07:21 (7004 turns).

Frank the Cudgeller (Octopode Fighter)              Turns: 7004, Time: 00:07:21

Health: -2/64      AC:  1    Str: 15    XL:     9   Next: 31%
Magic:  9/9        EV: 12    Int: 10    God:    Gozag
Gold:   685        SH: 17    Dex: 15    Spells: 8/8 levels left

rFire    . . .     SeeInvis .   a - +1 flail
rCold    + . .     Faith    .   q - +3 tower shield
rNeg     . . .     Spirit   .   (helmet restricted)
rPois    .         Reflect  .   (no amulet)
rElec    .         Harm     .   f - ring of protection from cold
rCorr    .         Rampage  .   (no ring)
Will     .....                  (no ring)
Stlth    ++........             (no ring)
HPRegen  0.20/turn              (no ring)
MPRegen  0.11/turn              (no ring)
                                (no ring)
                                (no ring)

@: gold aura
A: almost no armour, stealthy swim, amphibious, 8 rings, constrict 8, camouflage
1, gelatinous body 1
a: Renounce Religion, Potion Petition, Call Merchant, Bribe Branch


You were on level 7 of the Dungeon.
You worshipped Gozag.
Gozag was pleased with you.
You visited 2 branches of the dungeon, and saw 8 of its levels.

You collected 826 gold pieces.
You paid 141 gold pieces to Gozag.

Inventory:

Hand Weapons
 a - a +1 flail (weapon)
Armour
 q - a +3 tower shield (worn)
Jewellery
 d - an uncursed amulet of reflection {unknown}
 f - a ring of protection from cold (left tentacle)
 p - an uncursed ring of poison resistance
Wands
 e - a wand of flame (10)
 l - a wand of paralysis (2)
Scrolls
 b - a scroll of remove curse {unknown}
 c - a scroll of fog
 m - 2 scrolls of amnesia
Potions
 g - a potion of mutation {unknown}
 h - 2 potions of magic
 i - 2 potions of degeneration {unknown}
 j - a potion of lignification {unknown}
 k - 2 potions of flight
 n - a potion of ambrosia {unknown}
 o - a potion of curing


   Skills:
 * Level 7.0 Fighting
 + Level 7.6 Maces & Flails
 + Level 5.5 Dodging
 + Level 6.1 Shields


You had 8 spell levels left.
You didn't know any spells.
Your spell library contained the following spells:

 Spells                   Type           Power        Failure   Level
 Corona                   Hex            0%           99%         1
 Ensorcelled Hibernation  Hex/Ice        0%           100%        2
 Confusing Touch          Hex            0%           100%        3
 Dazzling Flash           Conj/Hex       0%           100%        3
 Tukima's Dance           Hex            0%           100%        3


Dungeon Overview and Level Annotations

Branches:
Dungeon (7/15)             Temple (1/1) D:5

Altars:
Ashenzari
Cheibriados
Dithmenos
Elyvilon
Fedhas
Gozag
Hepliaklqana
Kikubaaqudgha
Makhleb
Nemelex Xobeh
Okawaru
Qazlal
Ru
Sif Muna
Trog
Uskayaw
Vehumet
Wu Jian
Xom
Yredelemnul
Zin
The Shining One

Shops:
D:4 [

Annotations:
D:5 2 runed translucent doors, Dowan, Duvessa


Innate Abilities, Weirdness & Mutations

You cannot wear most types of armour.
You are very stealthy in the water. (Stealth+)
You are amphibious.
You can wear up to eight rings at the same time.
You can use your tentacles to constrict eight enemies at once.
Your skin changes colour to match your surroundings (Stealth+).
Your rubbery body absorbs attacks. (AC +1, EV +1)


Message History

Your Fighting skill increases to level 7!
You barely miss the orc. You grab the orc. You constrict the orc.
Something hits you!
* * * LOW HITPOINT WARNING * * *
You block the orc's attack.
You barely miss the orc. You squeeze the orc.
The orc is almost dead.
You constrict the orc.
You kill the orc!
Something hits you.
* * * LOW HITPOINT WARNING * * *
You block something's attack.
Items here: $ )) [[.
Something hits you.
* * * LOW HITPOINT WARNING * * *
You hear some strange, mumbled words.
A puff of flame appears from out of thin air!
The puff of flame hits you!
You die...
Your body crumbles into a pile of gold.

#.# .##.. ..
..... #..
....##
#..##....# ..
###..#.....###
S. ............
. #....#..##.#
#.##+#@##..##.#
#<....{....##.#
##...)####.##.#
#.... #.##.#
#....
#.##.#####
.....#
#.#......#
######
#........#
##.......#
#...#####


There were no monsters in sight!

Vanquished Creatures
  Pikel (D:5)
  A water moccasin (D:5)
  2 orc warriors (D:7)
  2 ogres (D:5)
  A phantom (D:6)
  3 centaurs
  A lemure (D:5)
  A bullfrog (D:7)
  3 scorpions
  A bullfrog zombie (D:6)
  A centaur zombie (D:7)
  An orc priest (D:4)
  A jelly (D:6)
  A hound (D:5)
  A centaur skeleton (D:5)
  6 orc wizards
  6 worker ants
  2 hound zombies
  2 hound skeletons
  6 adders
  2 shadow imps
  2 white imps (D:6)
  2 ufetubi
  An ooze (D:2)
  3 worms
  4 leopard geckos
  21 orcs
  2 ball pythons
  6 giant cockroaches
  3 goblins
  6 hobgoblins
  9 jackals
  6 kobolds
  4 quokkas
  5 bats
  3 frilled lizards
  A quokka skeleton (D:4)
  A quokka zombie (D:5)
  5 rats
129 creatures vanquished.

Notes
Turn   | Place    | Note
-------+----------+-------------------------------------------
     0 | D:1      | Frank the Octopode Fighter began the quest for the Orb.
     0 | D:1      | Reached XP level 1. HP: 16/16 MP: 1/1
   296 | D:1      | Reached XP level 2. HP: 21/21 MP: 2/2
  1087 | D:2      | Reached XP level 3. HP: 26/26 MP: 3/3
  1977 | D:3      | Reached XP level 4. HP: 33/33 MP: 4/4
  2406 | D:4      | Found a bloodstained altar of Trog.
  2489 | D:4      | Found a broken altar of Ashenzari.
  2491 | D:4      | Found an iron altar of Okawaru.
  2494 | D:4      | Found a radiant altar of Vehumet.
  2547 | D:4      | Reached XP level 5. HP: 25/37 MP: 5/5
  3050 | D:4      | Found Ipit's Antique Armour Shoppe.
  3245 | D:5      | Entered Level 5 of the Dungeon
  3295 | D:5      | Found a large runed translucent door.
  3297 | D:5      | Found a large runed translucent door.
  3316 | D:5      | Reached XP level 6. HP: 42/44 MP: 6/6
  3352 | D:5      | Found a large runed translucent door.
  3352 | D:5      | Found a large runed translucent door.
  3367 | D:5      | Found a staircase to the Ecumenical Temple.
  3403 | D:5      | Noticed a water moccasin
  3410 | D:5      | Killed a water moccasin
  3549 | D:5      | Reached skill level 5 in Fighting
  3549 | D:5      | Reached XP level 7. HP: 18/50 MP: 7/7
  3550 | D:5      | Noticed Duvessa
  3554 | D:5      | Noticed Pikel
  3583 | Temple   | Entered the Ecumenical Temple
  3876 | Temple   | Became a worshipper of Gozag Ym Sagoz the Greedy
  3912 | D:5      | Killed Pikel
  3913 | D:5      | Reached skill level 5 in Maces & Flails
  3913 | D:5      | Reached XP level 8. HP: 19/57 MP: 8/8
  3915 | D:5      | Noticed Dowan
  4593 | D:5      | HP: 2/57 [orc (2)]
  4982 | D:5      | Reached skill level 5 in Shields
  5716 | D:6      | Reached skill level 5 in Dodging
  6357 | D:6      | Reached XP level 9. HP: 60/63 MP: 9/9
  7004 | D:7      | Killed from afar by an orc wizard

Illustrated notes

Levels and vault maps discovered:
D:1:      tarquinn_simple_flora_water_f, layout_basic
D:2:      layout_loops_ring, skrybe_limestone_x
D:3:      layout_basic, minmay_hedge_maze
D:4:      layout_basic, grunt_temple_overflow_open, serial_shops,
          kennysheep_mini_moat, kennysheep_generic_room_14
D:5:      layout_basic, temple_statues, minmay_hollow_rounded_squares,
          uniq_duvessa, uniq_pikel
D:6:      layout_basic, due_unseen_surprise
D:7:      minmay_klotski, layout_basic, kennysheep_potato
Temple:   nicolae_temple_no_exploring_needed

Skill      XL: |  1  2  3  4  5  6  7  8  9 |
---------------+----------------------------+-----
Maces & Flails | 3 4 5 7 |  7.6
Fighting       | 4 5 6 7 |  7.0
Shields        | 4 5 6 |  6.1
Dodging        | 4 5 |  5.5

Action                   |  1- 3 |  4- 6 |  7- 9 || total
-------------------------+-------+-------+-------++-------
Melee: Flail             |    64 |    69 |   180 ||   313
       Constrict         |    15 |    17 |    38 ||    70
       Tentacles         |     9 |    14 |    41 ||    64
  Use: Scroll            |     2 |     8 |     6 ||    16
       Potion            |       |     5 |     2 ||     7
 Stab: Sleeping          |    10 |     4 |     7 ||    21
       Distracted        |       |       |     1 ||     1
Armor: Skin              |     4 |     3 |     2 ||     9
Dodge: Dodged            |    20 |    18 |    61 ||    99
Block: Kite shield       |    21 |       |       ||    21
       Tower shield      |     6 |    44 |   141 ||   191
